 Dungeon Crawl Stone Soup version 0.30-a0-50-gb2d611f6b1 (webtiles) character file.

Game seed: 9774085003519742062

235 MudFish the Poker (level 6, -4/44 HPs)
             Began as a Merfolk Gladiator on Sept 5, 2022.
             Slain by an orc warrior
             ... wielding a +0 dire flail
              (13 damage)
             ... on level 4 of the Dungeon.
             The game lasted 00:04:09 (2197 turns).

MudFish the Poker (Merfolk Gladiator)               Turns: 2197, Time: 00:04:10

Health: -4/44      AC: 11    Str: 14    XL:     6   Next: 5%
Magic:  6/6        EV: 16    Int:  7    God:
Gold:   197        SH:  0    Dex: 18    Spells: 5/5 levels left

rFire   + . .      SeeInvis .    a - +0 trident (vamp)
rCold   . . .      Faith    .    (no shield)
rNeg    . . .      Spirit   .    p - +0 scale mail
rPois   .          Reflect  .    c - +1 helmet
rElec   .          Harm     .    (no cloak)
rCorr   .          Rampage  .    k - +2 pair of gloves
Will    .....                    (no boots)
Stlth   +.........               (no amulet)
HPRegen 0.14/turn                j - ring of protection from fire
MPRegen 0.10/turn                q - +4 ring of evasion

@: mighty
A: (nimble swimmer 2), mertail
a: no special abilities


You were on level 4 of the Dungeon.
You visited 1 branch of the dungeon, and saw 4 of its levels.

You collected 197 gold pieces.

Inventory:

Hand Weapons
 a - a +0 vampiric trident (weapon)
 m - a +2 scythe of venom
Missiles
 d - 3 throwing nets (quivered)
 e - a javelin
Armour
 b - a +0 leather armour
 c - a +1 helmet (worn)
 k - a +2 pair of gloves (worn)
 p - a +0 scale mail (worn)
Jewellery
 j - a ring of protection from fire (left hand)
 q - a +4 ring of evasion (right hand)
Wands
 i - a wand of digging (4)
Potions
 g - a potion of mutation {unknown}
 h - 3 potions of brilliance {unknown}
 l - a potion of magic {unknown}
 n - 3 potions of curing {unknown}
 r - a potion of attraction {unknown}


   Skills:
 - Level 2.1 Fighting
 * Level 6.2 Polearms
 - Level 2.0 Throwing
 * Level 0.7 Armour
 + Level 6.1 Dodging
 - Level 2.5 Stealth


You had 5 spell levels left.
You didn't know any spells.
Your spell library contained the following spells:

 Spells                   Type           Power      Damage    Failure   Level
 Sandblast                Erth           0%         2d4       90%         1
 Passwall                 Tmut/Erth      0%         N/A       97%         2
 Static Discharge         Conj/Air       0%         3-3/arc   97%         2
 Stone Arrow              Conj/Erth      0%         3d7       99%         3
 Dispel Undead            Necr           0%         3d6       100%        4
 Sticky Flame             Conj/Fire      0%         2d3       100%        4


Dungeon Overview and Level Annotations

Branches:
Dungeon (4/15)
 Temple: D:4-7

Altars:

Shops:
D:2 :


Innate Abilities, Weirdness & Mutations

((You are very nimble when in or above water. (Stealth+, EV+, Speed+++)))
Your lower body shifts to a powerful aquatic tail in water.


Message History

The orc warrior barely misses you.
The ball python moves out of view.
You have reached level 6!
You feel very mighty all of a sudden. The orc warrior closely misses you.
The orc barely misses you.
You barely miss the orc. The orc hits you with a +0 club.
The orc warrior completely misses you.
You hit the orc.
You feel better.
The orc is moderately wounded.
The orc warrior closely misses you. The orc hits you but does no damage.
You closely miss the orc.
The orc is moderately wounded.
The orc warrior barely misses you. The orc hits you with a +0 club.
You puncture the orc!
You feel better.
You kill the orc!
The orc warrior barely misses you.
You puncture the orc!
You feel better.
You kill the orc!
The orc warrior hits you with a +0 dire flail!
You puncture the orc!
You feel better.
You kill the orc!
The orc warrior closely misses you. The orc warrior closely misses you.
Items here: )))) [ †††.
You barely miss the orc warrior. The orc warrior closely misses you.
You closely miss the orc warrior. The orc warrior misses you.
You puncture the orc warrior!
You feel better.
The orc warrior is heavily wounded.
The orc warrior barely misses you.
You barely miss the orc warrior.
The orc warrior is heavily wounded.
The orc warrior hits you with a +0 dire flail!!
* * * LOW HITPOINT WARNING * * *
You hit the orc warrior.
You feel better.
You punch the orc warrior, but do no damage.
The orc warrior is heavily wounded.
The orc warrior closely misses you.
You closely miss the orc warrior.
The orc warrior is heavily wounded.
The orc warrior hits you with a +0 dire flail!
You die...

#.###.## #.#
...... #.#
#.# #.#
##.#### #.#
#.# #.#
#.....
#.###.####.#
..####
#..........#
##
#####...####
###.#
#.####.#.
#@o......
#.......#
#.###..(#
#.# .## #.#
# #.# #.#
...


You could see an orc warrior.

Vanquished Creatures
  Sigmund (D:3)
  An orc wizard (D:4)
  4 adders
  A dart slug (D:3)
  3 orcs (D:4)
  3 endoplasms
  A giant cockroach (D:1)
  A goblin (D:1)
  A hobgoblin (D:3)
  3 quokkas
  2 ball pythons
  3 bats (D:1)
  A frilled lizard (D:3)
  A kobold (D:4)
  2 rats
28 creatures vanquished.

Notes
Turn   | Place    | Note
-------+----------+-------------------------------------------
     0 | D:1      | MudFish the Merfolk Gladiator began the quest for the Orb.
     0 | D:1      | Reached XP level 1. HP: 16/16 MP: 1/1
   588 | D:2      | Reached XP level 2. HP: 22/22 MP: 2/2
   645 | D:2      | Reached skill level 1 in Stealth
   779 | D:2      | Found Vyoffou's Book Shoppe.
  1115 | D:3      | Noticed Sigmund
  1129 | D:3      | Killed Sigmund
  1130 | D:3      | Reached skill level 5 in Polearms
  1130 | D:3      | Reached skill level 5 in Dodging
  1130 | D:3      | Reached XP level 3. HP: 14/27 MP: 3/3
  1130 | D:3      | Reached XP level 4. HP: 17/33 MP: 4/4
  1130 | D:3      | Reached XP level 5. HP: 20/38 MP: 5/5
  2175 | D:4      | Noticed an orc warrior
  2184 | D:4      | Reached XP level 6. HP: 24/44 MP: 6/6
  2197 | D:4      | Slain by an orc warrior

Illustrated notes

Levels and vault maps discovered:
D:1:      wander_arrival_fairy_ring, layout_loops_ring
D:2:      layout_rooms, serial_shops, nicolae_shop_statue_plus
D:3:      layout_basic, hangedman_decor_points, uniq_sigmund
D:4:      layout_loops_ring

Skill      XL: |  1  2  3  4  5 |
---------------+----------------+-----
Stealth        | 2 |  2.5
Polearms       | 5 6 |  6.2
Dodging        | 5 6 |  6.1
Fighting       | |  2.1
Throwing       | |  2.0
Armour         | |  0.7

Action                   |  1- 3 |  4- 6 || total
-------------------------+-------+-------++-------
Melee: Trident           |    46 |    57 ||   103
       Punch             |       |     2 ||     2
  Use: Scroll            |     4 |     1 ||     5
       Potion            |     1 |     1 ||     2
 Stab: Sleeping          |     2 |       ||     2
Armor: Leather armour    |     8 |       ||     8
       Scale mail        |     1 |    12 ||    13
Dodge: Dodged            |    33 |    37 ||    70

Table legend: (Time is in decaauts)
 A = Elapsed time spent in this place.
 B = Non-inter-level travel time spent in this place.
 C = Inter-level travel time spent in this place.
 D = Time resting spent in this place.
 E = Time spent auto-exploring this place.
 F = Levels seen in this place.
 G = Mean time per level.
                   A        B        C        D        E       F      G
               +--------+--------+--------+--------+--------+-----+--------+
         Total |   2198 |   2124 |     74 |      0 |   1835 |   4 |  549.5 |
       Dungeon |   2198 |   2124 |     74 |      0 |   1835 |   4 |  549.5 |
               +--------+--------+--------+--------+--------+-----+--------+

Top non-repeatable levels by time:
     D:3: 1003 daAuts
     D:1: 557 daAuts
     D:2: 428 daAuts
     D:4: 209 daAuts
